TOP OF THE 1ST |
Princeton Rays batting - Pitching for Orem Owlz : RHP Eddie Garabito
|
Pitching: RHP Eddie Garabito
|
|
Batting: SHB Chris Lockart
|
0-0: Ball 1-0: Called Strike 1-1: Ball 2-1: Ball 3-1: Base on Balls
|
Batting: RHB Dan Marks
|
0-0: Foul Ball, location: 2F 0-1: Ball Chris Lockart is caught stealing 2nd base 2-4 1-1: Ground out 4-3 (Groundball, 34D, EV 106.9 MPH)
|
Batting: LHB Rocky Crowley
|
0-0: Called Strike 0-1: Foul Ball, location: 2F 0-2: Reached on error, E3 (Flyball, 3D, EV 89.4 MPH)
|
Batting: RHB Wil Urban
|
0-0: Ball 1-0: Ball 2-0: Ball 3-0: Called Strike 3-1: Swinging Strike 3-2: Foul Ball, location: 2F 3-2: Base on Balls Rocky Crowley to second
|
Batting: SHB Lou Kroneman
|
0-0: SINGLE (Line Drive, 78S, EV 109.4 MPH) Rocky Crowley to third Wil Urban to second Runner from 3rd tries for Home, SAFE, throw by LF to home
|
Batting: RHB James Huddleston
|
0-0: Foul Ball, location: 2F 0-1: Ball 1-1: SINGLE (Line Drive, 5D, EV 105.6 MPH) Wil Urban to third Lou Kroneman to second
|
Batting: RHB Chris Thorson
|
0-0: SINGLE (Groundball, 34D, EV 96.9 MPH) Wil Urban scores Lou Kroneman to third James Huddleston to second Runner from 3rd tries for Home, SAFE, throw by RF to home
|
Batting: SHB Wayne Hattan
|
0-0: Called Strike James Huddleston steals 3rd base Chris Thorson to second 0-1: Ball 1-1: Ball 2-1: Foul Ball, location: 2F 2-2: Ball 3-2: Base on Balls
|
Batting: RHB Kunizo Yanagisawa
|
0-0: Fielders Choice at 2nd, 6-4 (Groundball, 6, EV 80.0 MPH)
|
Top of the 1st over - 3 runs, 3 hits, 1 error, 3 left on base; Princeton 3 - Orem 0 |
BOTTOM OF THE 1ST |
Orem Owlz batting - Pitching for Princeton Rays : LHP Jonathan Daniels
|
Pitching: LHP Jonathan Daniels
|
|
Batting: SHB Butch Brown
|
0-0: Called Strike 0-1: SINGLE (Groundball, 34D, EV 95.6 MPH)
|
Batting: LHB Justin Alexander
|
0-0: Called Strike Butch Brown steals 2nd base (no throw) 0-1: Swinging Strike 0-2: Ball 1-2: Foul Ball, location: 2F 1-2: Foul Ball, location: 2F 1-2: Ground out 4-3 (Groundball, 4, EV 86.2 MPH) Butch Brown to third
|
Batting: RHB Ryan Pelletier
|
0-0: Called Strike 0-1: Called Strike 0-2: Ball 1-2: Ground out 1-3 (Groundball, 13S, EV 70.6 MPH)
|
Batting: RHB Mike Alm
|
0-0: Ball 1-0: Ball 2-0: Ground out 5-3 (Groundball, 56S, EV 87.5 MPH)
|
Bottom of the 1st over - 0 runs, 1 hit, 0 errors, 1 left on base; Princeton 3 - Orem 0 |
TOP OF THE 2ND |
Princeton Rays batting - Pitching for Orem Owlz : RHP Eddie Garabito
|
Batting: SHB Chris Lockart
|
0-0: Called Strike 0-1: Foul Ball, location: 2F 0-2: Strikes out swinging
|
Batting: RHB Dan Marks
|
0-0: Foul Ball, location: 2F 0-1: Foul Ball, location: 2F 0-2: Hit by Pitch
|
Batting: LHB Rocky Crowley
|
0-0: Called Strike 0-1: Foul Ball, location: 2F 0-2: Ball 1-2: Grounds into double play, 4-6-3 (Groundball, 34, EV 110.0 MPH)
|
Top of the 2nd over - 0 runs, 0 hits, 0 errors, 0 left on base; Princeton 3 - Orem 0 |
BOTTOM OF THE 2ND |
Orem Owlz batting - Pitching for Princeton Rays : LHP Jonathan Daniels
|
Batting: LHB Brett Bugge
|
0-0: Called Strike 0-1: DOUBLE (Line Drive, 7LS, EV 106.9 MPH)
|
Batting: RHB Danny Bjarnson
|
0-0: Ball 1-0: Foul Ball, location: 2F 1-1: Ball Wild Pitch! Brett Bugge to third 2-1: SINGLE (Groundball, 6MD, EV 94.4 MPH) Brett Bugge scores
|
Batting: RHB Kinya Nishimura
|
0-0: Ball 1-0: Ball 2-0: Called Strike 2-1: Grounds into double play, 4-6-3 (Groundball, 4, EV 90.6 MPH)
|
Batting: SHB Roger Payne
|
0-0: Ball 1-0: Ground out 5-3 (Groundball, 56, EV 82.5 MPH)
|
Bottom of the 2nd over - 1 run, 2 hits, 0 errors, 0 left on base; Princeton 3 - Orem 1 |
TOP OF THE 3RD |
Princeton Rays batting - Pitching for Orem Owlz : RHP Eddie Garabito
|
Batting: RHB Wil Urban
|
0-0: Ball 1-0: Called Strike 1-1: Called Strike 1-2: Ball 2-2: Ball 3-2: Strikes out swinging
|
Batting: SHB Lou Kroneman
|
0-0: Called Strike 0-1: Foul Ball, location: 2F 0-2: Ball 1-2: Ball 2-2: Strikes out swinging
|
Batting: RHB James Huddleston
|
0-0: Called Strike 0-1: SINGLE (Line Drive, 8RS, EV 109.4 MPH)
|
Batting: RHB Chris Thorson
|
0-0: Ball James Huddleston steals 2nd base (no throw) 1-0: Called Strike James Huddleston steals 3rd base 1-1: SINGLE (Groundball, 56D, EV 106.2 MPH) James Huddleston scores
|
Batting: SHB Wayne Hattan
|
0-0: Called Strike Chris Thorson is caught stealing 2nd base 2-6
|
Top of the 3rd over - 1 run, 2 hits, 0 errors, 0 left on base; Princeton 4 - Orem 1 |
BOTTOM OF THE 3RD |
Orem Owlz batting - Pitching for Princeton Rays : LHP Jonathan Daniels
|
Batting: RHB Jose Ramirez
|
0-0: Called Strike 0-1: Ball 1-1: Ground out 5-3 (Groundball, 56S, EV 67.5 MPH)
|
Batting: SHB Butch Brown
|
0-0: Ball 1-0: Fly out, F8 (Flyball, 78D, EV 103.1 MPH)
|
Batting: LHB Justin Alexander
|
0-0: Foul Ball, location: 2F 0-1: Ball 1-1: Foul Ball, location: 2F 1-2: Strikes out looking
|
Bottom of the 3rd over - 0 runs, 0 hits, 0 errors, 0 left on base; Princeton 4 - Orem 1 |
TOP OF THE 4TH |
Princeton Rays batting - Pitching for Orem Owlz : RHP Eddie Garabito
|
Batting: SHB Wayne Hattan
|
0-0: Foul Ball, location: 2F 0-1: Swinging Strike 0-2: Ball 1-2: Ball 2-2: Foul Ball, location: 2F 2-2: Strikes out swinging
|
Batting: RHB Kunizo Yanagisawa
|
0-0: Ball 1-0: Foul Ball, location: 2F 1-1: Ball 2-1: Swinging Strike 2-2: Ball 3-2: Foul Ball, location: 2F 3-2: Strikes out swinging
|
Batting: SHB Chris Lockart
|
0-0: Ball 1-0: Foul Ball, location: 2F 1-1: Foul Ball, location: 2F 1-2: SINGLE (Line Drive, 89S, EV 86.9 MPH)
|
Batting: RHB Dan Marks
|
0-0: Called Strike Chris Lockart steals 2nd base 0-1: Ball 1-1: Foul Ball, location: 2F 1-2: Ball 2-2: Ball 3-2: DOUBLE (Line Drive, 78M, EV 92.5 MPH) Chris Lockart scores
|
Pitching: RHP Tim Anderson
|
|
Batting: LHB Rocky Crowley
|
0-0: Ball 1-0: Called Strike 1-1: Ball 2-1: Foul Ball, location: 2F 2-2: Hit by Pitch
|
Batting: RHB Wil Urban
|
0-0: Called Strike 0-1: Ball 1-1: Called Strike 1-2: Strikes out swinging
|
Top of the 4th over - 1 run, 2 hits, 0 errors, 2 left on base; Princeton 5 - Orem 1 |
BOTTOM OF THE 4TH |
Orem Owlz batting - Pitching for Princeton Rays : LHP Jonathan Daniels
|
Batting: RHB Ryan Pelletier
|
0-0: Foul Ball, location: 2F 0-1: Ground out 5-3 (Groundball, 56, EV 110.0 MPH)
|
Batting: RHB Mike Alm
|
0-0: Foul Ball, location: 2F 0-1: Foul Ball, location: 2F 0-2: Ball 1-2: Ball 2-2: TRIPLE (Line Drive, 78XD, EV 105.0 MPH)
|
Batting: LHB Brett Bugge
|
0-0: Swinging Strike 0-1: Foul Ball, location: 2F 0-2: Ball 1-2: Strikes out looking
|
Batting: RHB Danny Bjarnson
|
0-0: Foul Ball, location: 2F 0-1: Ball 1-1: Ground out 6-3 (Groundball, 56D, EV 100.0 MPH)
|
Bottom of the 4th over - 0 runs, 1 hit, 0 errors, 1 left on base; Princeton 5 - Orem 1 |
TOP OF THE 5TH |
Princeton Rays batting - Pitching for Orem Owlz : RHP Tim Anderson
|
Batting: SHB Lou Kroneman
|
0-0: Foul Ball, location: 2F 0-1: Swinging Strike 0-2: Strikes out swinging
|
Batting: RHB James Huddleston
|
0-0: Called Strike 0-1: Swinging Strike 0-2: Strikes out swinging
|
Batting: RHB Chris Thorson
|
0-0: Called Strike 0-1: Ball 1-1: Called Strike 1-2: Strikes out looking
|
Top of the 5th over - 0 runs, 0 hits, 0 errors, 0 left on base; Princeton 5 - Orem 1 |
BOTTOM OF THE 5TH |
Orem Owlz batting - Pitching for Princeton Rays : LHP Jonathan Daniels
|
Batting: RHB Kinya Nishimura
|
0-0: Called Strike 0-1: Ball 1-1: Called Strike 1-2: Strikes out swinging
|
Batting: SHB Roger Payne
|
0-0: Ball 1-0: Called Strike 1-1: Ball 2-1: Swinging Strike 2-2: Ball 3-2: SOLO HOME RUN (Flyball, 78XD, EV 111.9 MPH), Distance : 427 ft
|
Batting: RHB Jose Ramirez
|
0-0: Fly out, F9 (Flyball, 9LM, EV 81.9 MPH)
|
Batting: SHB Butch Brown
|
0-0: Ball 1-0: Ground out 4-3 (Groundball, 34, EV 85.0 MPH)
|
Bottom of the 5th over - 1 run, 1 hit, 0 errors, 0 left on base; Princeton 5 - Orem 2 |
TOP OF THE 6TH |
Princeton Rays batting - Pitching for Orem Owlz : RHP Tim Anderson
|
Batting: SHB Wayne Hattan
|
0-0: Ball 1-0: Called Strike 1-1: Ball 2-1: Ball 3-1: Foul Ball, location: 2F 3-2: Strikes out looking
|
Batting: RHB Kunizo Yanagisawa
|
0-0: SINGLE (Line Drive, 8LS, EV 106.9 MPH)
|
Batting: SHB Chris Lockart
|
0-0: Ball 1-0: Foul Ball, location: 2F 1-1: SINGLE (Groundball, 4D, EV 97.5 MPH) Kunizo Yanagisawa to second Runner from 2nd tries for 3rd, SAFE, throw by CF made to third
|
Batting: RHB Dan Marks
|
0-0: Ball 1-0: Ball 2-0: Fly out, F6 (Popup, 4MS, EV 69.4 MPH)
|
Batting: LHB Rocky Crowley
|
0-0: Ball 1-0: Fielders Choice at 2nd, U6 (Groundball, 6M, EV 101.2 MPH)
|
Top of the 6th over - 0 runs, 2 hits, 0 errors, 2 left on base; Princeton 5 - Orem 2 |
BOTTOM OF THE 6TH |
Orem Owlz batting - Pitching for Princeton Rays : LHP Jonathan Daniels
|
Batting: LHB Justin Alexander
|
0-0: Called Strike 0-1: Ball 1-1: Ball 2-1: Foul Ball, location: 2F 2-2: Ball 3-2: Strikes out swinging
|
Batting: RHB Ryan Pelletier
|
0-0: Ball 1-0: Fly out, F7 (Flyball, 7D, EV 100.0 MPH)
|
Batting: RHB Mike Alm
|
0-0: Ball 1-0: Called Strike 1-1: Swinging Strike 1-2: Foul Ball, location: 2F 1-2: Foul Ball, location: 2F 1-2: Foul Ball, location: 2F 1-2: Ball 2-2: Ground out 6-3 (Groundball, 6D, EV 94.4 MPH)
|
Bottom of the 6th over - 0 runs, 0 hits, 0 errors, 0 left on base; Princeton 5 - Orem 2 |
TOP OF THE 7TH |
Princeton Rays batting - Pitching for Orem Owlz : RHP Tim Anderson
|
Pitching: RHP Kennie Williams
|
|
Batting: RHB Wil Urban
|
0-0: Ball 1-0: Swinging Strike 1-1: Ball 2-1: Swinging Strike 2-2: Ball 3-2: Foul Ball, location: 2F 3-2: Strikes out swinging
|
Batting: SHB Lou Kroneman
|
0-0: Swinging Strike 0-1: Fly out, F6 (Popup, 6D, EV 70.0 MPH)
|
Batting: RHB James Huddleston
|
0-0: Foul Ball, location: 2F 0-1: Foul Ball, location: 2F 0-2: Ball 1-2: Strikes out looking
|
Top of the 7th over - 0 runs, 0 hits, 0 errors, 0 left on base; Princeton 5 - Orem 2 |
BOTTOM OF THE 7TH |
Orem Owlz batting - Pitching for Princeton Rays : LHP Jonathan Daniels
|
Batting: LHB Brett Bugge
|
0-0: Ball 1-0: Ground out 5-3 (Groundball, 56, EV 81.9 MPH)
|
Batting: RHB Danny Bjarnson
|
0-0: Foul Ball, location: 2F 0-1: Foul Ball, location: 2F 0-2: Ball 1-2: Foul Ball, location: 2F 1-2: DOUBLE (Groundball, 5L, EV 104.4 MPH)
|
Batting: RHB Kinya Nishimura
|
0-0: SINGLE (Groundball, 6D, EV 95.6 MPH) Danny Bjarnson to third Runner from 3rd tries for Home, SAFE, throw by CF to home
|
Batting: SHB Roger Payne
|
0-0: Ball 1-0: Ball 2-0: Foul Ball, location: 2F 2-1: Ball 3-1: Called Strike 3-2: Foul Ball, location: 2F 3-2: Ground out 5-3 (Groundball, 56S, EV 69.4 MPH) Kinya Nishimura to second
|
Batting: RHB Jose Ramirez
|
0-0: Ball 1-0: Ball 2-0: Swinging Strike 2-1: Foul Ball, location: 2F 2-2: Foul Ball, location: 2F 2-2: Strikes out swinging
|
Bottom of the 7th over - 1 run, 2 hits, 0 errors, 1 left on base; Princeton 5 - Orem 3 |
TOP OF THE 8TH |
Princeton Rays batting - Pitching for Orem Owlz : RHP Kennie Williams
|
Pitching: RHP Simon Vogel
|
|
Batting: RHB Chris Thorson
|
0-0: Ball 1-0: Ball 2-0: SINGLE (Groundball, 34D, EV 102.5 MPH)
|
Batting: SHB Wayne Hattan
|
0-0: Ball 1-0: Called Strike Chris Thorson steals 2nd, throwing error, E2 Chris Thorson to third 1-1: Intentional Walk
|
Batting: RHB Kunizo Yanagisawa
|
0-0: Ball 1-0: Fly out, F4 (Popup, 34, EV 68.1 MPH)
|
Batting: SHB Chris Lockart
|
0-0: Ball 1-0: Swinging Strike 1-1: Foul Ball, location: 2F 1-2: Ground out 5-3 (Groundball, 5S, EV 66.2 MPH) Wayne Hattan to second
|
Batting: RHB Dan Marks
|
0-0: Ball 1-0: Swinging Strike 1-1: Foul Ball, location: 2F 1-2: Foul Ball, location: 2F 1-2: Strikes out swinging
|
Top of the 8th over - 0 runs, 1 hit, 1 error, 2 left on base; Princeton 5 - Orem 3 |
BOTTOM OF THE 8TH |
Orem Owlz batting - Pitching for Princeton Rays : LHP Jonathan Daniels
|
Now at C: James Huddleston
|
|
Now at 1B: Kunizo Yanagisawa
|
|
Now at 3B: Lou Kroneman
|
|
Now at SS: Jim Erdody
|
|
Batting: SHB Butch Brown
|
0-0: Fly out, F5 (Popup, 5F, EV 75.6 MPH)
|
Batting: LHB Justin Alexander
|
0-0: Foul Ball, location: 2F 0-1: Ball 1-1: Ball 2-1: Ground out 4-3 (Groundball, 4, EV 90.6 MPH)
|
Batting: RHB Ryan Pelletier
|
0-0: Ball 1-0: Called Strike 1-1: Swinging Strike 1-2: Ball 2-2: SINGLE (Groundball, 6MS, EV 61.2 MPH) (infield hit)
|
Pitching: RHP Cody Wilharm
|
|
Batting: RHB Mike Alm
|
0-0: Swinging Strike 0-1: Ball 1-1: Foul Ball, location: 2F 1-2: Ball 2-2: Foul Ball, location: 2F 2-2: Fielders Choice at 2nd, 5-4 (Groundball, 5, EV 83.1 MPH)
|
Bottom of the 8th over - 0 runs, 1 hit, 0 errors, 1 left on base; Princeton 5 - Orem 3 |
TOP OF THE 9TH |
Princeton Rays batting - Pitching for Orem Owlz : RHP Simon Vogel
|
Batting: LHB Rocky Crowley
|
0-0: Ball 1-0: Ball 2-0: Foul Ball, location: 2F 2-1: Ball 3-1: Foul Ball, location: 2F 3-2: SINGLE (Line Drive, 3D, EV 103.1 MPH)
|
Batting: RHB Wil Urban
|
0-0: Ball Rocky Crowley steals 2nd base 1-0: Ball 2-0: Foul Ball, location: 2F 2-1: Called Strike 2-2: Ball 3-2: Strikes out swinging
|
Batting: SHB Lou Kroneman
|
0-0: Intentional Walk
|
Batting: RHB James Huddleston
|
0-0: Called Strike 0-1: Ball 1-1: Ball 2-1: Ball 3-1: Base on Balls Rocky Crowley to third Lou Kroneman to second
|
Batting: RHB Chris Thorson
|
0-0: Called Strike 0-1: Ball 1-1: Ball 2-1: Swinging Strike 2-2: Fly out, F8 (Flyball, 78XD, EV 93.1 MPH) Runner from 3rd tags up, SCORES, no throw by CF
|
Batting: RHB Jim Erdody
|
0-0: Fly out, F9 (Line Drive, 9S, EV 90.6 MPH)
|
Top of the 9th over - 1 run, 1 hit, 0 errors, 2 left on base; Princeton 6 - Orem 3 |
BOTTOM OF THE 9TH |
Orem Owlz batting - Pitching for Princeton Rays : RHP Cody Wilharm
|
Now in CF: Berthold Frey
|
|
Batting: LHB Brett Bugge
|
0-0: Ball 1-0: Foul Ball, location: 2F 1-1: Swinging Strike 1-2: Ball 2-2: SINGLE (Groundball, 56D, EV 95.0 MPH)
|
Batting: RHB Danny Bjarnson
|
0-0: Ball 1-0: Ball 2-0: Fielders Choice at 2nd, 3-6 (Groundball, 3S, EV 92.5 MPH)
|
Pinch Hitting: LHB Nick Isaac
|
0-0: Called Strike 0-1: Foul Ball, location: 2F 0-2: Ball 1-2: 2-RUN HOME RUN (Flyball, 9LD, EV 90.0 MPH), Distance : 337 ft
|
Batting: SHB Roger Payne
|
0-0: Ball 1-0: Fly out, F3 (Line Drive, 3, EV 66.9 MPH)
|
Batting: RHB Jose Ramirez
|
0-0: Ball 1-0: Ball 2-0: Ball 3-0: Called Strike 3-1: Swinging Strike 3-2: Foul Ball, location: 2F 3-2: Strikes out swinging
|
Bottom of the 9th over - 2 runs, 2 hits, 0 errors, 0 left on base; Princeton 6 - Orem 5 |
|